 Dungeon Sprint DCSS version 0.22-a0-858-g985ef60 (webtiles) character file.

12400000 protoss039 the Middleweight Champion (level 27, -2/273 HPs)
             Began as a Ghoul Gladiator on July 27, 2018.
             Was the Champion of Makhleb.
             Slain by a tentacled monstrosity (8 damage)
             ... summoned by a tyrant
             ... while paralysed
             ... in the Dungeon (Sprint VIII: "Arena of Blood").
             The game lasted 00:04:56 (124 turns).

protoss039 the Middleweight Champion (GhGl)          Turns: 124, Time: 00:04:57

Health: -2/273     AC:  8    Str: 22    XL:     27
Magic:  47/53      EV:  2    Int:  3    God:    Makhleb [******]
Gold:   0          SH:  0    Dex: 19    Spells: 80/80 levels left

rFire    . . .     SeeInvis +   k - +∞ Axe of Woe
rCold    + . .     Gourm    .   (shield currently unavailable)
rNeg     + + +     Faith    .   a - +0 leather armour
rPois    ∞         Spirit   .   b - +0 helmet
rElec    .         Reflect  .   (no cloak)
rCorr    .         Harm     .   (no gloves)
MR       ++...     NoTele   +   (no boots)
Stlth    +++++++++.             (no amulet)
HPRegen  0.00/turn              l - ring of see invisible
MPRegen  0.33/turn              (no ring)

@: paralysed, rotting, slowed, lost intelligence
A: rotting body, claws 1, carnivore, cold resistance 1, negative energy
resistance 3, inhibited regeneration, torment resistance, unbreathing
a: Minor Destruction, Lesser Servant of Makhleb, Major Destruction, Greater
Servant of Makhleb, Renounce Religion


You were in the Dungeon.
You worshipped Makhleb.
Makhleb was exalted by your worship.
You were not hungry.

You visited 1 branch

Inventory:

Hand Weapons
 k - the +∞ Axe of Woe (weapon)
   (You found it in the Dungeon)
Missiles
 c - 3 throwing nets (quivered)
Armour
 a - a +0 leather armour (worn)
 b - a +0 helmet (worn)
Jewellery
 l - a ring of see invisible (left claw)
Scrolls
 j - a scroll of blinking
Potions
 e - a potion of curing
 f - a potion of heal wounds
 g - a potion of haste
 h - 2 potions of magic
 i - a potion of berserk rage
Comestibles
 d - a ration


   Skills:
 O Level 27 Fighting
 O Level 27 Axes
 O Level 27 Throwing
 O Level 27 Armour
 O Level 27 Dodging
 O Level 27 Stealth
 O Level 27 Unarmed Combat
 O Level 27 Spellcasting
 O Level 27 Invocations


You had 80 spell levels left.
You didn't know any spells.
Your spell library was empty.

Dungeon Overview and Level Annotations

Branches:
Dungeon (1/1)

Altars:
Makhleb


Innate Abilities, Weirdness & Mutations

Your body is rotting away.
You thrive on raw meat.
You are immune to poison.
You have sharp fingernails.
You are carnivorous and can eat meat at any time.
Your flesh is cold resistant. (rC+)
You are immune to negative energy. (rN+++)
You do not regenerate when monsters are visible.
You are immune to unholy pain and torment.
You can survive without breathing.


Message History

You hear a shout! x3
The fleshlord hits you with a +9 great mace!!!!
* * * LOW HITPOINT WARNING * * *
You hear a shout! x3
A bag of meat comes into view. It is wielding a +9 war axe.
The bag of meat hits you with a +9 war axe!!!
* * * LOW HITPOINT WARNING * * *
You hear a shout!
A fleshlord comes into view. It is wielding a +9 great mace.
You hear a shout!
A meat berserker comes into view. It is wielding a +9 battleaxe.
You hear a shout!
The bag of meat is engulfed in blazing flames. x2
The bag of meat hits you with a +9 war axe.
* * * LOW HITPOINT WARNING * * *
You hear a shout!
A meat berserker comes into view. It is wielding a +9 battleaxe.
The tentacled monstrosity is engulfed in blazing flames.
The tentacled monstrosity tentacle-slaps you!
You die...

...%..).)......o
......§§§)......
..%#..§o§).#..%.
.%.#..§§§).#....G
o###..§2§).###...
p.....###z.......
.....§§§2).......
...#oooS§#......
...#Xx@oo#...%W.
.. #XLXpp#......
....zo_.p.......
...XX.###.....O..
.###.o ..X###...
#o. ...# .


#oX ...# OO ..... You could see 4 tentacled monstrosities, a tyrant, a reaper, a
scourge, 4 fleshlords, 2 sculptors of flesh, 2 large abominations, 3 meat
berserkers, 10 bags of meat and a crawling corpse.

Vanquished Creatures
  Sigmund (D)
  14 hell beasts (D)
  8 greater mummies (D)
  A great orb of eyes (D)
  A wraith (D)
  17 vampire knights (D)
  40 ogres (D)
  5 two-headed ogres (D)
  3 liches (D)
  5 hydras (D)
  68 orcs (D)
  2 phantoms (D)
  6 skeletal warriors (D)
  7 large abominations (D)
  16 small abominations (D)
  14 crawling corpses (D)
208 creatures vanquished.

Vanquished Creatures (others)
  2 crawling corpses (D)
2 creatures vanquished.

Grand Total: 210 creatures vanquished

Notes
Turn   | Place    | Note
-------+----------+-------------------------------------------
     0 | D        | Found the +∞ Axe of Woe
     0 | D        | protoss039 the Ghoul Gladiator began the quest for the Orb.
     0 | D        | Reached XP level 1. HP: 17/17 MP: 0/0
     2 | D        | Noticed a bag of meat
     3 | D        | Became a worshipper of Makhleb the Destroyer
     3 | D        | Noticed a bag of meat
     5 | D        | Noticed a meat berserker
     7 | D        | Noticed a meat berserker
     8 | D        | Killed a meat berserker
     8 | D        | Reached skill level 5 in Axes
     8 | D        | Reached XP level 2. HP: 42/42 MP: 1/1
     8 | D        | Reached XP level 3. HP: 49/49 MP: 2/2
     8 | D        | Reached XP level 4. HP: 57/57 MP: 3/3
     8 | D        | Reached XP level 5. HP: 63/63 MP: 4/4
     8 | D        | Reached XP level 6. HP: 71/71 MP: 5/5
     8 | D        | Reached XP level 7. HP: 78/78 MP: 6/6
     8 | D        | Reached XP level 8. HP: 84/84 MP: 7/7
     8 | D        | Reached XP level 9. HP: 91/91 MP: 8/8
     8 | D        | Reached XP level 10. HP: 99/99 MP: 9/9
     8 | D        | Reached XP level 11. HP: 105/105 MP: 10/10
     8 | D        | Reached XP level 12. HP: 113/113 MP: 11/11
     8 | D        | Reached XP level 13. HP: 119/119 MP: 12/12
     8 | D        | Killed a bag of meat
     8 | D        | Reached * piety under Makhleb
     8 | D        | Reached XP level 14. HP: 129/129 MP: 13/13
     8 | D        | Noticed a bag of meat
     9 | D        | Noticed a bag of meat
     9 | D        | Noticed a bag of meat
    10 | D        | Killed a bag of meat
    10 | D        | Noticed a bag of meat
    11 | D        | Killed a meat berserker
    11 | D        | Reached skill level 15 in Fighting
    11 | D        | Reached XP level 15. HP: 143/143 MP: 14/14
    11 | D        | Noticed a meat berserker
    12 | D        | Noticed a large bag of meat
    12 | D        | Noticed a meat berserker
    13 | D        | Noticed a meat berserker
    13 | D        | Noticed a meat berserker
    13 | D        | Noticed a meat berserker
    16 | D        | Killed a meat berserker
    16 | D        | Reached ** piety under Makhleb
    16 | D        | Reached skill level 15 in Throwing
    16 | D        | Reached skill level 27 in Unarmed Combat
    16 | D        | Reached XP level 16. HP: 137/157 MP: 15/15
    16 | D        | Reached XP level 17. HP: 168/168 MP: 16/16
    16 | D        | Noticed a meat berserker
    16 | D        | Noticed a meat berserker
    16 | D        | Noticed a meat berserker
    17 | D        | Killed a meat berserker
    17 | D        | Reached *** piety under Makhleb
    17 | D        | Reached skill level 27 in Dodging
    17 | D        | Killed a meat berserker
    17 | D        | Reached XP level 18. HP: 110/190 MP: 17/17
    17 | D        | Reached skill level 15 in Stealth
    17 | D        | Killed a meat berserker
    17 | D        | Reached **** piety under Makhleb
    17 | D        | Reached XP level 19. HP: 159/204 MP: 18/18
    17 | D        | Reached skill level 27 in Fighting
    18 | D        | Killed a large bag of meat
    18 | D        | Reached skill level 27 in Axes
    18 | D        | Reached ***** piety under Makhleb
    18 | D        | Reached XP level 20. HP: 216/216 MP: 19/19
    19 | D        | Killed a meat berserker
    19 | D        | Reached skill level 27 in Throwing
    19 | D        | Reached skill level 27 in Stealth
    19 | D        | Reached XP level 21. HP: 224/224 MP: 20/20
    19 | D        | Noticed a meat berserker
    20 | D        | Killed a meat berserker
    20 | D        | Reached skill level 27 in Armour
    20 | D        | Reached skill level 15 in Invocations
    20 | D        | Killed a meat berserker
    20 | D        | Reached ****** piety under Makhleb
    20 | D        | Reached XP level 22. HP: 233/233 MP: 20/41
    20 | D        | Noticed a destroyer
    21 | D        | Reached skill level 27 in Invocations
    23 | D        | Reached XP level 23. HP: 172/240 MP: 20/51
    23 | D        | Reached skill level 27 in Spellcasting
    24 | D        | Reached XP level 24. HP: 249/249 MP: 20/53
    25 | D        | Noticed a destroyer
    33 | D        | Noticed a destroyer
    38 | D        | Killed a destroyer
    39 | D        | Killed a destroyer
    39 | D        | Reached XP level 25. HP: 257/257 MP: 25/53
    41 | D        | Noticed a large bag of meat
    45 | D        | Noticed a destroyer
    47 | D        | Noticed an accursed
    48 | D        | Killed a destroyer
    48 | D        | Reached XP level 26. HP: 266/266 MP: 27/53
    49 | D        | Killed a destroyer
    49 | D        | Reached XP level 27. HP: 273/273 MP: 28/53
    51 | D        | Killed a large bag of meat
    51 | D        | Noticed a destroyer
    54 | D        | Noticed a tyrant
    55 | D        | Killed a destroyer
    56 | D        | Noticed an accursed
    56 | D        | Noticed a tyrant
    58 | D        | Killed a tyrant
    58 | D        | Noticed a meat beast
    59 | D        | Noticed The Captor
    60 | D        | Killed a tyrant
    63 | D        | Noticed a destroyer
    65 | D        | Killed a meat beast
    65 | D        | Killed an accursed
    65 | D        | Noticed a destroyer
    65 | D        | Noticed a destroyer
    67 | D        | Killed a destroyer
    67 | D        | Killed an accursed
    67 | D        | Noticed a meat beast
    68 | D        | Noticed a destroyer
    68 | D        | Noticed a large bag of meat
    69 | D        | Noticed a meat beast
    69 | D        | Noticed a large bag of meat
    70 | D        | Killed The Captor
    70 | D        | Killed a destroyer
    70 | D        | Killed a destroyer
    71 | D        | Noticed a meat beast
    72 | D        | Killed a destroyer
    73 | D        | Killed a meat beast
    73 | D        | Noticed a meat beast
    74 | D        | Killed a meat beast
    74 | D        | Noticed a meat beast
    75 | D        | Killed a meat beast
    75 | D        | Noticed a destroyer
    76 | D        | Killed a meat beast
    77 | D        | Killed a destroyer
    77 | D        | Noticed a meat beast
    77 | D        | Noticed a destroyer
    78 | D        | Noticed a meat beast
    78 | D        | Noticed a dread
    79 | D        | Killed a meat beast
    79 | D        | Killed a large bag of meat
    79 | D        | Killed a large bag of meat
    80 | D        | Noticed a meat beast
    80 | D        | Noticed a destroyer
    83 | D        | Killed a meat beast
    83 | D        | Noticed a meat beast
    84 | D        | Killed a meat beast
    84 | D        | Killed a destroyer
    84 | D        | Noticed a destroyer
    85 | D        | Noticed an accursed
    85 | D        | Noticed an accursed
    86 | D        | Noticed an accursed
    87 | D        | Killed a meat beast
    88 | D        | Noticed a destroyer
    90 | D        | Killed a destroyer
    90 | D        | Killed a meat beast
    90 | D        | Noticed a large bag of meat
    91 | D        | Noticed a meat beast
    92 | D        | Noticed a large bag of meat
    93 | D        | Killed a destroyer
    93 | D        | Killed a dread
    93 | D        | Noticed a tyrant
    96 | D        | Killed a destroyer
    97 | D        | Killed a meat beast
    97 | D        | Killed an accursed
    98 | D        | Noticed a meat beast
    98 | D        | Noticed a destroyer
    99 | D        | Killed a tyrant
   100 | D        | Noticed an accursed
   101 | D        | Noticed a meat beast
   103 | D        | Killed an accursed
   103 | D        | Killed a meat beast
   104 | D        | Killed an accursed
   104 | D        | Noticed a destroyer
   104 | D        | Noticed an accursed
   105 | D        | Noticed an accursed
   106 | D        | Killed a meat beast
   108 | D        | Killed a destroyer
   108 | D        | Noticed a tyrant
   109 | D        | Killed a destroyer
   110 | D        | Killed an accursed
   111 | D        | Noticed a destroyer
   112 | D        | Killed a large bag of meat
   113 | D        | Killed a destroyer
   114 | D        | Noticed a meat beast
   118 | D        | Noticed a fleshlord
   119 | D        | Killed a meat beast
   119 | D        | Noticed a large bag of meat
   120 | D        | Killed an accursed
   121 | D        | Killed an accursed
   121 | D        | Lost intelligence.
   122 | D        | Noticed a fleshlord
   123 | D        | Noticed a fleshlord
   123 | D        | Noticed a tyrant
   124 | D        | HP: 10/273 [bag of meat/+9 war axe (37)]
   124 | D        | Noticed a fleshlord
   124 | D        | Slain by a tentacled monstrosity

Vault maps used:
D:        meatsprint

Skill      XL: |  1  2  3  4  5  6  7  8  9 10 11 12 13 14 15 16 17 18 19 20 21 22 23 |
---------------+----------------------------------------------------------------------+-----
Fighting       | 12 13 15 17 19 23 26 27 | 27.0
Axes           | 5 6 9 12 14 20 24 27 | 27.0
Throwing       | 11 12 14 15 16 18 20 24 27 | 27.0
Dodging        | 18 20 23 25 26 27 | 27.0
Unarmed Combat | 21 23 26 27 | 27.0
Stealth        | 4 7 9 14 16 22 27 | 27.0
Armour         | 6 7 12 22 27 | 27.0
Spellcasting   | 16 25 27 | 27.0
Invocations    | 20 27 | 27.0

Action                   |  1- 3 |  4- 6 |  7- 9 | 10-12 | 13-15 | 16-18 | 19-21 | 22-24 | 25-27 || total
-------------------------+-------+-------+-------+-------+-------+-------+-------+-------+-------++-------
Melee: Executioner's axe |     1 |       |       |       |     3 |     1 |     3 |     6 |    51 ||    65
 Stab: Distracted        |       |       |       |       |     1 |       |       |       |       ||     1
Armor: Leather armour    |       |       |       |       |       |       |       |     1 |     3 ||     4
Dodge: Dodged            |       |       |       |       |     3 |     2 |       |     1 |    19 ||    25

Table legend:
 A = Spawn XP
 B = Non-spawn XP
 C = Spawn XP percentage of total XP
 D = Spawn monster count
 E = Non-spawn monster count
 F = Spawn count percentage of total count
 G = Total turns spent on level
                    A         B        C        D         E        F      G
               +---------+---------+-------+---------+---------+-------+---------
         Total |       0 | 7511713 |   0.0 |       0 |     194 |   0.0 |   124
               +---------+---------+-------+---------+---------+-------+---------
             D |       0 | 7511713 |   0.0 |       0 |     194 |   0.0 |   124
               +---------+---------+-------+---------+---------+-------+---------
